cohdb
Replays
Latest Replays
All Replays
Popular Replays
Top Player Replays
Match Explorer
How It Works
Community
CoH3 Stats
Reddit
Sign in to upload your games and track your stats! →
Sign in with Steam
Match 25642980
Unlisted
Match 25642980
Overview
Messages
Build Orders
End
Selects Italian Combined Arms Battlegroup
Selects Bersaglieri Squad
Bersaglieri Squad
Bersaglieri Squad
Construct Light Support Kompanie
Selects Bersaglieri Bolster
2.5-tonne Medical Truck
MG34 Team
Fire Support Elements
le.IG 18 Mechanized Group
Combat Half-tracks
le.IG 18 Support Gun Team
Pak 38 Anti-tank Gun Team
Selects Breda Model 30 Light Machine Guns
Construct Panzerarmee Kommand
Bersaglieri Squad
Panzer III L Medium Tank
Emergency Repair Kits
Panzer III L Medium Tank
Panzer III L Medium Tank
Bersaglieri Squad
Selects Semovente da 75/18 Assault Gun
Selects Strafing Run
Selects Artillery Cover
Pholox
Jimmy Gokins
SneaKerz
gb_gbg
0
0
Comments
sign in to comment!
No comments posted yet!